 Dungeon Crawl Stone Soup version 0.25-a0-353-ged6d54792d (webtiles) character file.

Game seed: 3126064278816682013, levelgen mode: deterministic

89 BritishOli the Slasher (level 4, 0/34 HPs)
             Began as a Demonspawn Gladiator on Jan 2, 2020.
             Succumbed to a gnoll's poison
             ... on level 2 of the Dungeon.
             The game lasted 00:04:08 (1568 turns).

BritishOli the Slasher (Demonspawn Gladiator)       Turns: 1568, Time: 00:04:09

Health: 0/34       AC:  4    Str: 15    XL:     4   Next: 31%
Magic:  4/4        EV: 13    Int:  9    God:
Gold:   82         SH:  0    Dex: 17    Spells: 3/3 levels left

rFire    . . .     SeeInvis .   a - +0 long sword
rCold    . . .     Gourm    .   (no shield)
rNeg     + . .     Faith    .   b - +0 leather armour
rPois    .         Spirit   .   c - +0 helmet
rElec    .         Reflect  .   (no cloak)
rCorr    .         Harm     .   (no gloves)
MR       .....                  (no boots)
Stlth    ++........             (no amulet)
HPRegen  0.11/turn              h - ring of positive energy
MPRegen  0.09/turn              (no ring)

@: lethally poisoned (0 -> -11)
A: thin skeletal structure 1, powered by death 1, spiny 1
a: no special abilities


You were on level 2 of the Dungeon.
You were not hungry.

You visited 1 branch of the dungeon, and saw 2 of its levels.

You collected 82 gold pieces.

Inventory:

Hand Weapons
 a - a +0 long sword (weapon)
Missiles
 d - 3 throwing nets
 i - 5 javelins (quivered)
Armour
 b - a +0 leather armour (worn)
 c - a +0 helmet (worn)
Jewellery
 h - a ring of positive energy (left hand)
Scrolls
 e - a scroll of magic mapping {unknown}
 g - a scroll of remove curse
 j - a scroll of teleportation {unknown}
 k - a scroll of identify {unknown}
 l - a scroll of immolation {unknown}
Comestibles
 f - 2 rations


   Skills:
 + Level 2.7 Fighting
 * Level 3.5 Long Blades
 - Level 2.0 Throwing
 + Level 1.1 Armour
 + Level 3.2 Dodging


You had 3 spell levels left.
You didn't know any spells.
Your spell library was empty.

Dungeon Overview and Level Annotations

Branches:
Dungeon (2/15)

Altars:


Innate Abilities, Weirdness & Mutations

You have a somewhat thin skeletal structure. (Dex +2, Stealth)
You regenerate a little health from kills.
You are partially covered in sharp spines.


Message History

* * * LOW HITPOINT WARNING * * *
You feel sick.
* * * LOW HITPOINT WARNING * * *
You feel sick.
There is a stone staircase leading down here.
* * * LOW HITPOINT WARNING * * *
You feel sick.
You climb downwards.
* * * LOW HITPOINT WARNING * * *
You feel sick.
There is a stone staircase leading up here.
You aren't carrying any potions.
* * * LOW HITPOINT WARNING * * *
You feel sick.
* * * LOW HITPOINT WARNING * * *
You feel sick.
You open the door.
* * * LOW HITPOINT WARNING * * *
You feel sick.
You die...

l..#
#.#..####.######
...# #S#..#
#.#....#
...#####g####
#.#.#.## ..†lSr.l>#
##...#.# ...#####.#
#....#.# ...# #(#
##..<..# ...#####.#
#.#.### '####...(#
#...# .#
#...(#######@### .#
#.............# .#
#.............# .#
#..††[........# .##
##............# ..#
#............# #.##
#............# #..#
#............#
##+###.....(......#


There were no monsters in sight!

Vanquished Creatures
  3 gnolls (D:1)
  2 adders
  An ooze (D:2)
  A dart slug (D:1)
  2 leopard geckos
  A giant cockroach (D:1)
  4 goblins
  3 hobgoblins (D:1)
  3 kobolds
  2 quokkas (D:2)
  7 bats (D:1)
  A frilled lizard (D:2)
  6 rats
36 creatures vanquished.

Notes
Turn   | Place    | Note
-------+----------+-------------------------------------------
     0 | D:1      | BritishOli the Demonspawn Gladiator began the quest for the
                  | Orb.
     0 | D:1      | Reached XP level 1. HP: 16/16 MP: 1/1
    69 | D:1      | Gained mutation: You regenerate a little health from kills.
                  | [demonic ancestry]
    69 | D:1      | Reached XP level 2. HP: 10/22 MP: 2/2
   943 | D:1      | Gained mutation: You are partially covered in sharp spines.
                  | [demonic ancestry]
   943 | D:1      | Reached XP level 3. HP: 18/28 MP: 3/3
  1372 | D:2      | Reached skill level 1 in Armour
  1460 | D:2      | Gained mutation: You have a somewhat thin skeletal
                  | structure. (Dex +2, Stealth) [demonic ancestry]
  1460 | D:2      | Reached XP level 4. HP: 34/34 MP: 4/4
  1567 | D:2      | HP: 1/34 [poisoned by a gnoll]
  1568 | D:2      | Succumbed to a gnoll's poison

Levels and vault maps discovered:
D:1:      psy_arrival_conway, layout_loops_ring, kennysheep_doodads, minivault_4
D:2:      layout_basic

Skill      XL: |  1  2  3 |
---------------+----------+-----
Throwing       | 2 |  2.0
Long Blades    | 3 |  3.5
Dodging        | 3 |  3.2
Armour         | 1 |  1.1
Fighting       | |  2.7

Action                   |  1- 3 |  4- 6 || total
-------------------------+-------+-------++-------
Melee: Long sword        |    76 |     7 ||    83
  Use: Scroll            |       |     1 ||     1
 Stab: Sleeping          |     1 |       ||     1
  Eat: Chunk             |       |     2 ||     2
Armor: Leather armour    |    30 |       ||    30
Dodge: Dodged            |    81 |    10 ||    91
       Rpst.: Long sword |    19 |     2 ||    21

Table legend:
 A = Non-vault XP
 B = Vault XP
 C = Vault XP percentage of total XP
 D = Non-vault monster count
 E = Vault monster count
 F = Vault count percentage of total count
                 A         B        C        D         E       F
            +---------+---------+-------+---------+---------+-------
      Total |     128 |       0 |   0.0 |      36 |       0 |   0.0
            +---------+---------+-------+---------+---------+-------
        D:1 |      95 |       0 |   0.0 |      26 |       0 |   0.0
        D:2 |      33 |       0 |   0.0 |      10 |       0 |   0.0
            +---------+---------+-------+---------+---------+-------
